 Dungeon Crawl Stone Soup version 0.21-a0-185-g3a6ed1e (webtiles) character file.

174 namelastname112 the Conjurer (level 5, 0/41 HPs)
             Began as a Draconian Conjurer on Aug 12, 2017.
             Slain by a gnoll
             ... wielding a +1 spear of flaming
              (1 damage)
             ... on level 3 of the Dungeon.
             The game lasted 00:02:56 (2191 turns).

namelastname112 the Conjurer (Draconian Conjurer)   Turns: 2191, Time: 00:02:57

Health: 0/41       AC:  5    Str: 10    XL:     5   Next: 28%
Magic:  9/9        EV: 13    Int: 16    God:
Gold:   88         SH:  0    Dex: 12    Spells: 6/9 levels left

rFire    . . .     SeeInvis .   g - +2 dagger (drain)
rCold    . . .     Gourm    .   (no shield)
rNeg     . . .     Faith    .   (armour unavailable)
rPois    .         Spirit   .   (helmet restricted)
rElec    .         Reflect  .   (no cloak)
rCorr    .         Harm     .   (no gloves)
MR       .....                  (no boots)
Stlth    ++........             (no amulet)
HPRegen  0.13/turn              (no ring)
MPRegen  0.11/turn              (no ring)

@: no status effects
A: unfitting armour, cold-blooded, AC +5
a: no special abilities


You were on level 3 of the Dungeon.
You were not hungry.

You visited 1 branch of the dungeon, and saw 3 of its levels.

You collected 88 gold pieces.

Inventory:

Hand Weapons
 g - a +2 dagger of draining (weapon)
Wands
 m - a wand of paralysis (18/24)
 o - a wand of polymorph (19/24)
Scrolls
 c - a scroll of remove curse {unknown}
 d - 2 scrolls of identify {unknown}
 h - 2 scrolls of magic mapping {unknown}
Potions
 e - a potion of curing {unknown}
 f - a potion of lignification {unknown}
 i - a potion of haste {unknown}
 j - a potion of magic {unknown}
Books
 a - a book of Conjurations

   Spells                             Type                      Level
   a - Magic Dart                     Conjuration                  1
   b - Searing Ray                    Conjuration                  2
   c - Dazzling Spray                 Conjuration/Hexes            3
   d - Fulminant Prism                Conjuration/Hexes            4
   e - Force Lance                    Conjuration/Translocation    4
   f - Iskenderun's Mystic Blast      Conjuration                  4
 n - a book of Annihilations

   Spells                             Type                      Level
   a - Poison Arrow                   Conjuration/Poison           6
   b - Chain Lightning                Conjuration/Air              8
   c - Lehudib's Crystal Spear        Conjuration/Earth            8
   d - Glaciate                       Conjuration/Ice              9
   e - Fire Storm                     Conjuration/Fire             9
Comestibles
 b - 3 bread rations
 k - a royal jelly
 l - a meat ration


   Skills:
 + Level 2.2 Fighting
 + Level 2.9 Dodging
 - Level 1.7 Stealth
 + Level 2.7 Spellcasting
 * Level 5.1 Conjurations


You had 6 spell levels left.
You knew the following spells:

 Your Spells              Type           Power        Failure   Level  Hunger
x - Searing Ray           Conj           ###...       3%          2    ##.....
z - Magic Dart            Conj           ###.         2%          1    #......


Dungeon Overview and Level Annotations

Branches:
Dungeon (3/15)

Altars:


Innate Abilities, Weirdness & Mutations

Your plain brown scales are hard. (AC +5)
You cannot fit into any form of body armour.
You are cold-blooded and may be slowed by cold attacks.


Message History

You take 3 damage, and have 16/41 hp.
The giant cockroach bites you. The quokka bites you.
The gnoll hits you with a spear of flaming.
* * * LOW HITPOINT WARNING * * *
The gnoll burns you.
* * * LOW HITPOINT WARNING * * *
The gnoll misses you. The hound skeleton closely misses you.
The giant cockroach barely misses you.
The quokka bites you but does no damage.
You take 10 damage, and have 6/41 hp.
MASSIVE DAMAGE!!
The bat hits you but does no damage. The gnoll closely misses you.
The adder skeleton bites you.
* * * LOW HITPOINT WARNING * * *
The giant cockroach misses you.
The hound skeleton bites you but does no damage.
You take 2 damage, and have 4/41 hp.
The gnoll hits you from afar with a spear of flaming.
* * * LOW HITPOINT WARNING * * *
The gnoll burns you.
You die...

... ###
##...#......
##..###..
......g).†..
#.......##
#g.g)<...
#....<#
#..##....
.?..##..###
.... .#... .
##g.r###
.### #. ...
#..Zg..## K.
..#
#.gsbZ.§§..
### ..#
#..P@P.§#.#
..#
###§§§P§§%.
###
..§§§§§...
....§P§P####
.......>§§
.......##
..... !...


You could see 2 gnolls, a quokka, a giant cockroach, a goblin, a bat, an adder
skeleton and a hound skeleton.

Vanquished Creatures
  A gnoll shaman (D:3)
  A bullfrog skeleton (D:3)
  Jessica (D:2)
  Robin (D:2)
  An adder (D:3)
  An ooze (D:2)
  2 dart slugs (D:1)
  2 leopard geckos (D:1)
  5 orcs
  5 bats
  7 goblins
  11 hobgoblins
  4 kobolds (D:2)
  A quokka (D:2)
  7 frilled lizards
  12 rats
62 creatures vanquished.

Notes
Turn   | Place    | Note
-------+----------+-------------------------------------------
     0 | D:1      | namelastname112 the Draconian Conjurer began the quest for the Orb.
     0 | D:1      | Reached XP level 1. HP: 14/14 MP: 3/3
   267 | D:1      | Reached XP level 2. HP: 18/22 MP: 0/5
   316 | D:1      | Learned a level 2 spell: Searing Ray
   707 | D:2      | Reached XP level 3. HP: 27/27 MP: 2/6
  1063 | D:2      | Reached skill level 1 in Fighting
  1557 | D:2      | Noticed Robin
  1567 | D:2      | Killed Robin
  1620 | D:2      | Reached XP level 4. HP: 35/35 MP: 2/7
  1645 | D:2      | Noticed Jessica
  1649 | D:2      | Killed Jessica
  1881 | D:3      | Reached skill level 5 in Conjurations
  2048 | D:3      | Reached XP level 5. HP: 32/41 MP: 4/9
  2191 | D:3      | HP: 1/41 [gnoll/spear of flaming (3)]
  2191 | D:3      | Slain by a gnoll

Vault maps used:
D:1:      shiori_arrival_maze
D:2:      first_bread, serial_corexii_hall, corexii_hall_statues_i,
          corexii_hall_statues_u, minmay_misc_feat_encased, uniq_robin,
          uniq_jessica
D:3:      serial_undead, serial_undead_b, serial_undead_c, serial_undead_a,
          serial_undead_b

Skill      XL: |  1  2  3  4 |
---------------+-------------+-----
Dodging        | 2 |  2.9
Fighting       | 1 2 |  2.2
Conjurations   | 5 |  5.1
Stealth        | |  1.7
Spellcasting   | |  2.7

Action                   |  1- 3 |  4- 6 || total
-------------------------+-------+-------++-------
Melee: Unarmed           |    33 |       ||    33
       Tailslap          |     3 |     6 ||     9
       Dagger            |    10 |    25 ||    35
 Cast: Magic Dart        |    72 |    13 ||    85
       Searing Ray       |       |     1 ||     1
 Stab: Sleeping          |     1 |       ||     1
  Eat: Chunk             |     3 |     2 ||     5
Armor: Skin              |    11 |    18 ||    29
Dodge: Dodged            |    31 |    69 ||   100
